 Dungeon Crawl Stone Soup version 0.30-a0-883-g5ad918d77d (webtiles) character file.

Game seed: 3119137398417378859

38322 bobarctor the Thaumaturge (level 13, -6/88 HPs)
             Began as a Demonspawn Necromancer on Mar 15, 2023.
             Was a High Priest of Okawaru.
             Mangled by Rupert
             ... wielding a +3 great mace of holy wrath
              (13 damage)
             ... while petrified by a catoblepas
             ... on level 5 of the Lair of Beasts on Mar 16, 2023.
             The game lasted 01:48:16 (19483 turns).

bobarctor the Thaumaturge (Demonspawn Necromancer) Turns: 19483, Time: 01:48:16

Health: -6/88      AC: 10    Str:  8    XL:     13   Next: 63%
Magic:  0/31       EV:  2    Int: 28    God:    Okawaru [*****.]
Gold:   892        SH:  0    Dex: 24    Spells: 11/40 levels left

rFire   . . .      SeeInvis +    O - +8 dagger "Imus" {freeze, rPois rN+ Dex+2 SInv}
rCold   . . .      Faith    .    D - -1 buckler "Egrewneu" {Dex+4}
rNeg    + + +      Spirit   +    N - +2 robe {rN+}
rPois   ∞          Reflect  .    J - +3 crown of Dyrovepreva {rElec Int+2 SInv}
rElec   +          Rampage  .    V - +0 cloak
rCorr   .                        z - +0 pair of gloves
Will    +....                    Z - +0 pair of boots
Stlth   +++++                    (no amulet)
HPRegen 0.00/turn                q - +5 ring of evasion
MPRegen 0.44/turn                w - +6 ring of dexterity

@: lethally poisoned (-6 -> -6), petrified, inhibited regen
A: horns 2, thin skeletal structure 1, magic shield, magic regeneration, demonic
magic 2, demonic willpower, clever 1, clumsy 1, inhibited regeneration
a: Renounce Religion, Heroism, Finesse, Duel


You were on level 5 of the Lair of Beasts.
You worshipped Okawaru.
Okawaru was extremely pleased with you.
You visited 3 branches of the dungeon, and saw 16 of its levels.
You also visited: Ossuary.

You collected 1172 gold pieces.
You spent 280 gold pieces at shops.

Inventory:

Hand Weapons
 v - a +2 dagger of flaming
 C - a +0 heavy shortbow
 G - a +0 quarterstaff of freezing
 O - the +8 dagger "Imus" (weapon) {freeze, rPois rN+ Dex+2 SInv}
   (You found it on level 5 of the Dungeon)

   Dex:       It affects your dexterity (+2).
   rPois:     It protects you from poison.
   rN:        It protects you from negative energy.
   SInv:      It lets you see invisible.
 S - the +2 dagger of Dithmenos, Chewing {flame, rC+ Str+2}
   (You found it on level 4 of the Lair of Beasts)

   Str:       It affects your strength (+2).
   rC:        It protects you from cold.
Missiles
 d - a throwing net
 I - 28 poisoned darts
 Q - 12 javelins (quivered)
 R - 7 boomerangs
Armour
 e - a +3 ring mail
 z - a +0 pair of gloves (worn)
 A - +0 steam dragon scales
 D - the -1 buckler "Egrewneu" (worn) {Dex+4}
   (Okawaru gifted it to you on level 3 of the Lair of Beasts)

   Dex:       It affects your dexterity (+4).
 H - a +2 robe of cold resistance
 J - the +3 crown of Dyrovepreva (worn) {rElec Int+2 SInv}
   (You acquired it on level 4 of the Dungeon)

   Int:       It affects your intelligence (+2).
   rElec:     It insulates you from electricity.
   SInv:      It lets you see invisible.
 N - a +2 robe of positive energy (worn)
 V - a +0 cloak (worn)
 Z - a +0 pair of boots (worn)
Magical Staves
 y - a staff of fire
Jewellery
 n - a ring of poison resistance
 p - a ring of willpower
 q - a +5 ring of evasion (left hand)
 t - a ring of protection from cold
 w - a +6 ring of dexterity (right hand)
 E - a ring of ice
Wands
 i - a wand of roots (30)
 j - a wand of light (8)
 B - a wand of polymorph (6)
 K - a wand of charming (10)
 P - a wand of digging (2)
Scrolls
 g - 2 scrolls of enchant weapon
 h - 9 scrolls of teleportation
 k - 2 scrolls of magic mapping
 s - a scroll of brand weapon
 u - a scroll of amnesia
 F - a scroll of fear
 L - a scroll of fog
 U - a scroll of poison
 X - 2 scrolls of identify
Potions
 a - a potion of berserk rage
 b - 3 potions of magic
 c - a potion of invisibility
 f - 6 potions of heal wounds
 l - 2 potions of haste
 m - 14 potions of curing
 o - 2 potions of might
 r - 2 potions of attraction
 x - 5 potions of flight
 M - 2 potions of brilliance
 T - a potion of cancellation


   Skills:
 + Level 4.1 Fighting
 + Level 7.1 Short Blades
 - Level 0.1 Throwing
 + Level 6.0 Dodging
 + Level 7.7 Stealth
 + Level 0.1 Shields
 * Level 14.0 Spellcasting
 + Level 0.5 Conjurations
 + Level 2.0 Hexes
 + Level 11.6 Necromancy
 + Level 2.0 Transmutations
 * Level 1.8 Ice Magic
 * Level 2.0 Air Magic
 + Level 2.5 Poison Magic
 * Level 8.1 Invocations


You had 11 spell levels left.
You knew the following spells:

 Your Spells              Type           Power      Damage    Failure   Level
a - Necrotise             Necr           100%       1d9       1%          1
b - Vampiric Draining     Necr           71%        2d11      1%          3
c - Agony                 Necr           71%        N/A       1%          5
d - Animate Dead          Necr           71%        N/A       1%          4
e - Spider Form           Tmut/Pois      32%        N/A       4%          3
f - Ensorcelled Hibernat  Hex/Ice        60%        N/A       2%          2
g - Poisonous Vapours     Pois/Air       64%        N/A       2%          2
h - Mephitic Cloud        Conj/Pois/Air  29%        N/A       5%          3
i - Anguish               Hex/Necr       27%        N/A       2%          4
j - Cigotuvi's Dreadful   Necr/Pois/Air  98%        N/A       1%          2

Your spell library contained the following spells:

 Spells                   Type           Power      Damage    Failure   Level
 Freezing Cloud           Conj/Ice/Air   13%        6-21      50%         5
 Iskenderun's Battlesphe  Conj           22%        2d8       63%         5
 Fireball                 Conj/Fire      10%        3d6       65%         5
 Conjure Ball Lightning   Conj/Air       13%        3x3d6     97%         6
 Orb of Destruction       Conj           11%        9d6       100%        7
 Polar Vortex             Ice            15%        N/A       100%        9
 Simulacrum               Ice/Necr       Unusable   N/A       N/A         6

Dungeon Overview and Level Annotations

Branches:
Dungeon (10/15)            Temple (1/1) D:6            Lair (5/5) D:10
  Swamp (0/4) Lair:2        Snake (0/4) Lair:3        Slime (0/5) Lair:4
    Orc (0/2) D:9         Ossuary (visited)

Altars:
Ashenzari
Cheibriados
Dithmenos
Fedhas
Gozag
Hepliaklqana
Kikubaaqudgha
Makhleb
Nemelex Xobeh
Okawaru
Qazlal
Ru
Sif Muna
Trog
Uskayaw
Vehumet
Wu Jian
Xom
Yredelemnul
Jiyva

Shops:
D:5 :

Annotations:
D:3 2 runed translucent doors, bande's ghost, amateur GrFi
D:6 Menkaure
Lair:5 Rupert


Innate Abilities, Weirdness & Mutations

You have a pair of horns on your head.
You have a somewhat thin skeletal structure. (Dex +2, Stealth+)
When hurt, damage is shared between your health and your magic reserves.
You regenerate magic rapidly.
Spells you cast may paralyse nearby enemies.
You punish those that try to bend your will. (Will+)
Your mind is acute. (Int +4, Str/Dex -1)
You are clumsy. (Dex -2)
You do not regenerate when monsters are visible.


Message History

You are slowing down.
The catoblepas breathes a plume of calcifying dust at you.
The blast of calcifying dust hits you.
You are engulfed in calcifying dust.
Your limbs have turned to stone.
The water moccasin bites you.
You are poisoned.
The water moccasin poisons you!
The catoblepas gores you but does no damage.
The water moccasin bites you. The catoblepas gores you!!
You hear a croak.
You have turned to stone.
You stop ascending the stairs.
You are engulfed in calcifying dust.
The water moccasin bites you but does no damage.
Rupert roars madly and goes into a rage!
Rupert goes berserk!
The catoblepas gores you!!
The water moccasin bites you but does no damage. x2
The catoblepas gores you!!
You hear a croak.
The water moccasin bites you but does no damage.
Rupert hits you with a +3 great mace of holy wrath!
You convulse!
The eight-headed hydra barely misses you.
The eight-headed hydra bites you but does no damage.
The eight-headed hydra bites you. x2; The eight-headed hydra bites you!
The eight-headed hydra bites you but does no damage.
The eight-headed hydra bites you! The eight-headed hydra bites you.
The catoblepas gores you!!
* * * LOW HITPOINT WARNING * * *
A nearby plant withers and dies.
A cane toad comes into view.
Rupert hits you with a +3 great mace of holy wrath!!
* * * LOW HITPOINT WARNING * * *
You convulse!!
* * * LOW HITPOINT WARNING * * *
The water moccasin bites you but does no damage.
The catoblepas breathes a plume of calcifying dust at you.
The blast of calcifying dust hits you but does no damage.
The water moccasin bites you but does no damage.
Rupert hits you with a +3 great mace of holy wrath!!
You die...

.##. ..#P .....
#... ##.... ##
.$P..F# .#
......S#.###..P
..§..§§@Y......
.......D@......
...............
#.##...........
# #......#.#.#.
. #....###.###
..
#....PP#.#.##...
................
......@....#[..


You could see Rupert (berserk), a catoblepas, an eight-headed hydra, a cane toad
and a water moccasin.

Vanquished Creatures
  Gastronok (Lair:3)
  Kirke (Lair:3)
  Fannar (Lair:3)
  6 hydras
  A two-headed ogre (D:8)
  A boulder beetle (Lair:2)
  2 death yaks (Lair:4)
  A skyshark (Lair:4)
  Pikel (D:6)
  Joseph (D:7)
  A gargoyle (D:7)
  2 black mambas
  9 cane toads
  A torpor snail (Lair:1)
  3 kobold demonologists
  8 rime drakes
  9 komodo dragons
  6 polar bears
  7 blink frogs
  7 dream sheep (Lair:4)
  Sigmund (D:5)
  A vampire (D:9)
  2 basilisks
  A spriggan (Lair:1)
  2 wyverns (Lair:3)
  23 yaks
  Grum (D:8)
  3 humans (Lair:3)
  A hog (Lair:3)
  12 steam dragons
  3 swamp worms (D:10)
  5 nagas (Lair:3)
  9 water moccasins
  10 black bears
  4 ice beasts
  2 sky beasts
  2 ogres
  2 orc warriors (D:7)
  3 centaurs
  11 wolves
  A phantom (D:5)
  Blork the orc (D:5)
  2 kobold brigands
  11 bullfrogs
  A scorpion (D:4)
  3 gnoll sergeants
  4 water moccasin zombies (Ossuary)
  13 wights
  5 jellies
  7 hounds
  4 orc priests
  4 iguanas
  9 orc wizards
  2 mummies (Ossuary)
  26 gnolls
  7 adders
  A shadow imp (D:7)
  3 white imps (D:6)
  3 adder zombies (Ossuary)
  A worm (D:3)
  2 dart slugs (D:1)
  43 orcs
  4 ball pythons
  3 bats
  16 endoplasms
  4 giant cockroaches
  A gnoll zombie (Ossuary)
  9 goblins
  5 hobgoblins
  25 kobolds
  3 quokkas
  5 frilled lizards
  A hobgoblin zombie (Ossuary)
  6 kobold zombies (Ossuary)
  2 orc zombies (Ossuary)
  7 rats
411 creatures vanquished.

Vanquished Creatures (collateral kills)
  A yak (D:8)
  A wight (D:8)
  A gnoll zombie (Ossuary)
  A hobgoblin (D:1)
  A hobgoblin zombie (Ossuary)
  2 orc zombies (Ossuary)
7 creatures vanquished.

Vanquished Creatures (others)
  2 death yaks (Lair:4)
  A gargoyle (D:10)
  2 bushes (Lair:4)
  29 fungi
  30 plants
  8 toadstools (D:2)
72 creatures vanquished.

Grand Total: 490 creatures vanquished

Notes
Turn   | Place    | Note
-------+----------+-------------------------------------------
     0 | D:1      | bobarctor the Demonspawn Necromancer began the quest for
                  | the Orb.
     0 | D:1      | Reached XP level 1. HP: 13/13 MP: 3/3
   308 | D:1      | Gained mutation: Spells you cast may paralyse adjacent
                  | enemies. [demonic ancestry]
   308 | D:1      | Reached XP level 2. HP: 19/19 MP: 3/5
   475 | D:1      | Found a faded altar of an unknown god.
   735 | D:1      | Gained mutation: Spells you cast may paralyse nearby
                  | enemies. [demonic ancestry]
   735 | D:1      | Reached XP level 3. HP: 24/24 MP: 1/6
  1293 | D:2      | Reached skill level 5 in Necromancy
  1429 | D:2      | Found a snail-covered altar of Cheibriados.
  1460 | D:2      | Learned a level 3 spell: Vampiric Draining
  1530 | D:2      | Reached skill level 3 in Spellcasting
  2129 | D:2      | Gained mutation: You regenerate magic rapidly. [demonic
                  | ancestry]
  2129 | D:2      | Reached XP level 4. HP: 25/30 MP: 3/9
  2642 | D:3      | Found a runed translucent door.
  2649 | D:3      | Reached XP level 5. HP: 35/35 MP: 7/10
  2743 | D:3      | Reached skill level 4 in Spellcasting
  3336 | D:3      | Found a runed translucent door.
  3337 | D:3      | Noticed bande's ghost (amateur GrFi)
  3821 | D:4      | Found a sand-covered staircase.
  3830 | Ossuary  | Entered an ossuary
  3950 | Ossuary  | Reached XP level 6. HP: 31/41 MP: 12/12
  4036 | Ossuary  | Reached skill level 1 in Short Blades
  4409 | Ossuary  | Gained mutation: You have a pair of small horns on your
                  | head. [demonic ancestry]
  4409 | Ossuary  | Reached XP level 7. HP: 44/46 MP: 14/14
  4592 | D:4      | Reached skill level 5 in Spellcasting
  5165 | D:4      | Identified a scroll of acquirement
  5202 | D:4      | Acquired the +3 crown of Dyrovepreva {rElec Int+2 SInv}
  5202 | D:4      | Found the +3 crown of Dyrovepreva {rElec Int+2 SInv}
  5220 | D:4      | Learned a level 5 spell: Agony
  5225 | D:4      | Learned a level 4 spell: Animate Dead
  5237 | D:5      | Entered Level 5 of the Dungeon
  5274 | D:5      | Found a burning altar of Makhleb.
  5341 | D:5      | Noticed Blork the orc
  5592 | D:5      | Killed Blork the orc
  5593 | D:5      | Noticed Sigmund
  5668 | D:5      | Killed Sigmund
  5669 | D:5      | Reached skill level 6 in Spellcasting
  5669 | D:5      | Gained mutation: You have a pair of horns on your head.
                  | [demonic ancestry]
  5669 | D:5      | Reached XP level 8. HP: 48/52 MP: 5/17
  5738 | D:5      | Identified the +8 dagger "Imus" {freeze, rPois rN+ Dex+2
                  | SInv}
  6093 | D:5      | Learned a level 3 spell: Spider Form
  6131 | D:5      | Reached skill level 7 in Spellcasting
  6131 | D:5      | Found a hide-covered altar of Uskayaw.
  6251 | D:5      | Found Tiekhir's Book Shop.
  6310 | D:5      | Found an ancient bone altar of Kikubaaqudgha.
  6384 | D:6      | Reached skill level 1 in Transmutations
  6384 | D:6      | Reached skill level 1 in Poison Magic
  6527 | D:6      | Found a radiant altar of Vehumet.
  6577 | D:6      | Gained mutation: You have large cloven feet. [potion of
                  | mutation]
  6578 | D:6      | Lost mutation: You have large cloven feet. [potion of
                  | mutation]
  6578 | D:6      | Gained mutation: Your body sometimes deteriorates upon
                  | taking damage. [potion of mutation]
  6739 | D:6      | Noticed Pikel
  6752 | D:6      | Killed Pikel
  6753 | D:6      | Gained mutation: When hurt, damage is shared between your
                  | health and your magic reserves. [demonic ancestry]
  6753 | D:6      | Reached XP level 9. HP: 47/57 MP: 17/20
  6811 | D:6      | Found a staircase to the Ecumenical Temple.
  6835 | Temple   | Entered the Ecumenical Temple
  7236 | D:6      | Noticed Menkaure
  7264 | D:7      | Learned a level 2 spell: Ensorcelled Hibernation
  7612 | D:5      | Bought a book of Vapours for 280 gold pieces
  7615 | D:5      | Learned a level 2 spell: Poisonous Vapours
  7619 | D:5      | Learned a level 3 spell: Mephitic Cloud
  7940 | D:7      | Noticed a gargoyle
  7974 | D:7      | Reached skill level 8 in Spellcasting
  7975 | D:7      | Noticed Joseph
  7990 | D:7      | Killed Joseph
  7991 | D:7      | Reached skill level 1 in Fighting
  8102 | D:7      | Reached skill level 5 in Stealth
  8364 | D:7      | Reached skill level 9 in Spellcasting
  8440 | D:7      | Reached XP level 10. HP: 65/65 MP: 23/23
  8440 | D:7      | Found a bloodstained altar of Trog.
  8996 | D:7      | Killed a gargoyle
  9288 | D:7      | Reached skill level 5 in Short Blades
  9691 | D:8      | Reached skill level 10 in Spellcasting
  9886 | D:8      | Noticed Grum
  9909 | D:8      | Killed Grum
 10005 | D:8      | Noticed a two-headed ogre
 10012 | D:8      | Learned a level 4 spell: Anguish
 10015 | D:8      | Learned a level 2 spell: Cigotuvi's Dreadful Rot
 10025 | D:8      | Killed a two-headed ogre
 10026 | D:8      | Gained mutation: You have a somewhat thin skeletal
                  | structure. (Dex +2, Stealth+) [demonic ancestry]
 10026 | D:8      | Reached XP level 11. HP: 64/73 MP: 16/25
 10333 | D:9      | Found a staircase to the Orcish Mines.
 11005 | D:10     | Entered Level 10 of the Dungeon
 11170 | D:10     | Found a staircase to the Lair.
 11202 | Lair:1   | Entered Level 1 of the Lair of Beasts
 11665 | D:10     | Reached skill level 11 in Spellcasting
 12092 | D:10     | Found a faded altar of an unknown god.
 12092 | D:10     | Found a faded altar of an unknown god.
 12100 | D:10     | Found a sacrificial altar of Ru.
 12105 | D:10     | Found a shadowy altar of Dithmenos.
 12107 | D:10     | Found an iron altar of Okawaru.
 12138 | D:10     | Became a worshipper of Warmaster Okawaru
 12414 | Lair:1   | Reached skill level 1 in Invocations
 12425 | Lair:1   | Reached skill level 1 in Hexes
 12440 | Lair:1   | Reached skill level 10 in Necromancy
 12468 | Lair:1   | Reached * piety under Okawaru
 12469 | Lair:1   | Reached skill level 5 in Dodging
 13293 | Lair:2   | Noticed a six-headed hydra
 13293 | Lair:2   | Found a staircase to the Swamp.
 13310 | Lair:2   | Killed a six-headed hydra
 13426 | Lair:2   | Reached ** piety under Okawaru
 13601 | Lair:2   | Noticed a boulder beetle
 13622 | Lair:2   | Killed a boulder beetle
 13623 | Lair:2   | Reached XP level 12. HP: 59/81 MP: 18/27
 13769 | Lair:2   | Reached skill level 12 in Spellcasting
 13795 | Lair:1   | Reached *** piety under Okawaru
 14357 | Lair:2   | Reached skill level 5 in Invocations
 14743 | Lair:2   | Reached **** piety under Okawaru
 15262 | Lair:3   | Noticed a seven-headed hydra
 15274 | Lair:3   | Killed a seven-headed hydra
 15731 | Lair:3   | Reached ***** piety under Okawaru
 15743 | Lair:3   | Noticed Kirke
 15766 | Lair:3   | Killed Kirke
 15766 | Lair:3   | Received a gift from Okawaru
 15767 | Lair:3   | Reached skill level 13 in Spellcasting
 16111 | Lair:3   | Lost mutation: Your body sometimes deteriorates upon taking
                  | damage. [potion of mutation]
 16111 | Lair:3   | Gained mutation: You do not regenerate when monsters are
                  | visible. [potion of mutation]
 16111 | Lair:3   | Gained mutation: You are clumsy. (Dex -2) [potion of
                  | mutation]
 16111 | Lair:3   | Gained mutation: Your mind is acute. (Int +4, Str/Dex -1)
                  | [potion of mutation]
 16396 | Lair:3   | Found a staircase to the Snake Pit.
 16648 | Lair:3   | Gained mutation: You punish those that try to bend your
                  | will. (Will+) [demonic ancestry]
 16648 | Lair:3   | Reached XP level 13. HP: 60/88 MP: 17/30
 16753 | Lair:3   | Identified the -1 buckler "Egrewneu" {Dex+4} (Okawaru
                  | gifted it to you on level 3 of the Lair of Beasts)
 16753 | Lair:3   | Received a gift from Okawaru
 16763 | Lair:3   | Noticed Fannar
 16896 | Lair:3   | Killed Fannar
 17001 | Lair:3   | Noticed Gastronok
 17028 | Lair:3   | Killed Gastronok
 17355 | Lair:4   | Found a staircase to the Slime Pits.
 17356 | Lair:4   | Found a viscous altar of Jiyva.
 18271 | Lair:4   | HP: 3/88 [death yak (18)]
 18275 | Lair:4   | Reached skill level 1 in Air Magic
 18598 | Lair:4   | Identified the +2 dagger of Dithmenos, Chewing {flame, rC+
                  | Str+2}
 18691 | Lair:4   | Reached skill level 1 in Ice Magic
 19204 | Lair:5   | Entered Level 5 of the Lair of Beasts
 19204 | Lair:5   | Noticed Rupert
 19377 | Lair:4   | Reached skill level 14 in Spellcasting
 19483 | Lair:5   | Mangled by Rupert

Illustrated notes

Levels and vault maps discovered:
D:1:      dpeg_arrival_erosion, layout_loops_ring,
          ebering_ecumenical_altar_hall, serial_bayou_pond_b,
          corexii_item_surrounded_by_moat, minivault_14
D:2:      cheibrodos_fertilizer, layout_basic, basic_altar, grunt_ministairs_11
D:3:      wad_river_or_something, layout_loops_ring, ebering_ghost_sewer_f,
          dreamdust_mushroom_princess
D:4:      layout_loops_cross, nicolae_ossuary_entry_plus
D:5:      layout_basic, kiku_gazebo_pond_becter, makhleb_heckhound_becter,
          mainiacjoe_overflow_alcove_4, serial_shops, shop, uniq_sigmund,
          uniq_blork_the_orc
D:6:      layout_loops_ring, vehumet_crystals,
          minmay_temple_entry_drinking_statues, uniq_pikel, uniq_menkaure
D:7:      layout_cave_pools, mainiacjoe_overflow_24_doors, columned_hall_lemuel,
          wad_mini_maze, uniq_joseph
D:8:      layout_basic, uniq_grum
D:9:      layout_irregular_city, orc_0_dummy, nzn_life_drinkers
D:10:     layout_loops_ring, chequers_temple_overflow_minitemple,
          hellmonk_lair_entry_icy, worms_lemuel
Temple:   nicolae_temple_ecumenical_triangle
Lair:1:   layout_cave_pods, grunt_megastairs_2
Lair:2:   beast_lair_carwin_large_1, layout_regular_city, swamp_mist,
          grunt_forest_stairs_clearing
Lair:3:   layout_hall_layers, minmay_snake_entry_guardpost_medium,
          bobbens_dragon_lair_wall, uniq_gastronok, uniq_kirke, uniq_fannar
Lair:4:   layout_loops_ring, slime_entry_1, grunt_megastairs_5
Lair:5:   minmay_lair_end_enchanted_forest, layout_regular_city, uniq_urug,
          uniq_rupert

Skill      XL: |  1  2  3  4  5  6  7  8  9 10 11 12 13 |
---------------+----------------------------------------+-----
Stealth        | 2 3 4 5 6 7 |  7.7
Necromancy     | 5 6 7 8 9 10 11 | 11.6
Spellcasting   | 3 4 6 7 9 10 11 13 14 | 14.0
Short Blades   | 1 2 3 4 5 6 7 |  7.1
Dodging        | 2 3 4 5 6 |  6.0
Transmutations | 2 |  2.0
Poison Magic   | 2 |  2.5
Fighting       | 1 2 3 4 |  4.1
Invocations    | 3 7 8 |  8.1
Hexes          | 1 2 |  2.0
Air Magic      | 2 |  2.0
Ice Magic      | 1 |  1.8
Throwing       | |  0.1
Shields        | |  0.1
Conjurations   | |  0.5

Action                     |  1- 3 |  4- 6 |  7- 9 | 10-12 | 13-15 || total
---------------------------+-------+-------+-------+-------+-------++-------
  Melee: Dagger            |    31 |   175 |   232 |   729 |   160 ||  1327
         Club              |     5 |       |       |       |       ||     5
         Unarmed           |     4 |       |       |       |       ||     4
         Punch             |       |     2 |     2 |    10 |       ||    14
         Short sword       |       |       |    48 |       |       ||    48
         Headbutt          |       |       |    47 |   175 |    45 ||   267
  Throw: Dart              |       |     8 |       |       |       ||     8
         Boomerang         |       |     4 |       |       |       ||     4
         Javelin           |       |       |     3 |    10 |     2 ||    15
   Cast: Necrotise         |    67 |    46 |    89 |   107 |    30 ||   339
         Vampiric Draining |       |     2 |    11 |    48 |    40 ||   101
         Agony             |       |       |     2 |       |       ||     2
         Mephitic Cloud    |       |       |     1 |     4 |     9 ||    14
         Cigotuvi's Dreadf |       |       |       |     1 |       ||     1
         Anguish           |       |       |       |     5 |    15 ||    20
         Ensorcelled Hiber |       |       |       |       |     1 ||     1
 Invoke: Heroism           |       |       |       |       |     1 ||     1
    Use: Scroll            |       |    16 |    11 |     1 |     3 ||    31
         Potion            |       |       |     2 |     4 |       ||     6
   Stab: Paralysed         |     3 |     5 |    13 |    26 |     9 ||    56
         Sleeping          |     2 |     2 |     5 |    12 |     1 ||    22
         Distracted        |       |       |     2 |       |       ||     2
         Confused          |       |       |       |     3 |     2 ||     5
 Armour: Robe              |     8 |    24 |    32 |   122 |    39 ||   225
  Dodge: Dodged            |    25 |   116 |   190 |   587 |   131 ||  1049
  Block: Buckler           |       |       |       |       |    28 ||    28

Table legend: (Time is in decaauts)
 A = Elapsed time spent in this place.
 B = Non-inter-level travel time spent in this place.
 C = Inter-level travel time spent in this place.
 D = Time resting spent in this place.
 E = Time spent auto-exploring this place.
 F = Levels seen in this place.
 G = Mean time per level.
                   A        B        C        D        E       F      G
               +--------+--------+--------+--------+--------+-----+--------+
         Total |  19221 |  18495 |    726 |   4643 |   9245 |  17 | 1130.6 |
       Dungeon |  11414 |  10877 |    537 |   1876 |   6289 |  10 | 1141.4 |
        Temple |     78 |     74 |      4 |      0 |     11 |   1 |   78.0 |
          Lair |   7077 |   6892 |    185 |   2521 |   2884 |   5 | 1415.4 |
       Ossuary |    650 |    650 |      0 |    246 |     61 |   1 |  650.0 |
               +--------+--------+--------+--------+--------+-----+--------+

Top non-repeatable levels by time:
  Lair:3: 2431 daAuts
  Lair:4: 2083 daAuts
     D:7: 1679 daAuts
     D:2: 1444 daAuts
  Lair:2: 1416 daAuts
     D:1: 1292 daAuts
     D:5: 1199 daAuts
    D:10: 1170 daAuts
  Lair:1: 1121 daAuts
     D:6: 1119 daAuts
     D:3: 995 daAuts
     D:8: 909 daAuts
     D:4: 848 daAuts
     D:9: 755 daAuts
 Ossuary: 650 daAuts
